 Dungeon Crawl Stone Soup version 0.29.0-4-gdea44cf6ec (webtiles) character file.

Game seed: 10149185875050843012

175 qw the Chopper (level 5, -2/30 HPs)
             Began as a Tengu Warper on Aug 28, 2022.
             Slain by an iguana (8 damage)
             ... on level 3 of the Dungeon.
             The game lasted 00:00:19 (3495 turns).

qw the Chopper (Tengu Warper)                       Turns: 3495, Time: 00:00:20

Health: -2/30      AC: 15    Str: 11      XL:     5   Next: 55%
Magic:  9/9        EV:  3    Int: 13      God:
Gold:   196        SH:  0    Dex: 13 (14) Spells: 8/8 levels left

rFire   . . .      SeeInvis +   Y - +0 hand axe
rCold   . . .      Faith    .   (no shield)
rNeg    . . .      Spirit   .   k - +0 plate armour
rPois   .          Reflect  .   (helmet restricted)
rElec   .          Harm     .   (no cloak)
rCorr   .          Rampage  .   (no gloves)
Will    .....                   (boots unavailable)
Stlth   ..........              (no amulet)
HPRegen 0.10/turn               b - +4 ring of protection
MPRegen 0.11/turn               i - ring of see invisible

@: about to teleport, flying quickly and evasively, quick
A: beak, talons 3, nimble flight, deterioration 1, weak 1
a: no special abilities


You were on level 3 of the Dungeon.
You visited 1 branch of the dungeon, and saw 4 of its levels.

You collected 196 gold pieces.


Innate Abilities, Weirdness & Mutations

You have a beak for a mouth.
You have claws for feet.
Your magical nature lets you fly swiftly and evasively.
Your body sometimes deteriorates upon taking damage.
You are weak. (Str -2)


   Skills:
 - Level 2.0 Fighting
 + Level 5.7 Axes
 - Level 1.0 Throwing
 - Level 2.3 Armour
 - Level 2.1 Dodging
 - Level 2.0 Spellcasting
 - Level 2.4 Translocations


You had 8 spell levels left.
You didn't know any spells.
Your spell library contained the following spells:

 Spells                   Type           Power      Damage    Failure   Level
 Blink                    Tloc           14%        N/A       100%        2
 Gell's Gravitas          Tloc           7%         N/A       100%        3
 Lesser Beckoning         Tloc           7%         N/A       100%        3
 Teleport Other           Tloc           7%         N/A       100%        3
 Manifold Assault         Tloc           7%         N/A       100%        5

Inventory:

Hand Weapons
 f - a +0 flail
 Y - a +0 hand axe (weapon)
Missiles
 m - 5 silver boomerangs (quivered)
Armour
 k - a +0 plate armour (worn)
Jewellery
 b - a +4 ring of protection (left hand)
 i - a ring of see invisible (right hand)
Scrolls
 a - 2 scrolls of teleportation
 j - a scroll of identify
Potions
 c - a potion of might
 e - a potion of brilliance {unknown}
 h - a potion of curing {unknown}
 l - a potion of heal wounds {unknown}

Dungeon Overview and Level Annotations

Branches:
Dungeon (4/15)
 Temple: D:4-7

Altars:


Message History

There is a stone staircase leading up here.
3483 ||| STAIRDANCE The iguana bites you.
You fly upwards.
There is a stone staircase leading down here.
You closely miss the iguana. You claw the iguana, but do no damage.
The iguana bites you but does no damage.
You closely miss the iguana. You claw the iguana, but do no damage.
The iguana bites you but does no damage.
You hit the iguana.
The iguana is moderately wounded.
The iguana bites you.
You hit the iguana. Your kick misses the iguana.
The iguana is heavily wounded.
The iguana bites you but does no damage.
You barely miss the iguana.
The iguana is heavily wounded.
The iguana bites you but does no damage.
You hit the iguana but do no damage. Your kick misses the iguana.
The iguana is heavily wounded.
The iguana bites you but does no damage.
You hit the iguana. Your kick misses the iguana.
The iguana is heavily wounded.
The iguana bites you but does no damage.
You hit the iguana but do no damage. You claw the iguana, but do no damage.
The iguana is heavily wounded.
The iguana bites you!
You hit the iguana.
The iguana is severely wounded.
The iguana bites you!
Your body deteriorates!
You feel clumsy.
3494 ||| READING 3 scrolls of teleportation.
As you read the scroll of teleportation, it crumbles to dust.
You feel strangely unstable.
The iguana bites you but does no damage.
You hit the iguana but do no damage. Your kick misses the iguana.
Your peck misses the iguana.
The iguana is severely wounded.
The iguana bites you!
You die...

#.....# ### #.....#
########## #.. #.....#
#........# #.. #.....###
#........# ### #.......#
#..)<....# #
#######.####........#######
#.%.##.........(...##
######...........####...
####.....l@.........# ####
#....#..............# #
###.#....###..####.####
#...>.#### ##..###.# ###
#....## ##..##.###### #[.
###.##..# ##.....<...###..
#...###.# ####.####......
#.### #.# #.# #####..
###.#####.# #.# #####..


You could see an iguana.

Vanquished Creatures
  Jessica (D:3)
  3 gnolls (D:3)
  4 adders
  2 worms
  2 dart slugs (D:1)
  2 orcs (D:3)
  5 ball pythons
  7 bats
  13 endoplasms
  5 giant cockroaches
  6 goblins
  4 hobgoblins
  3 quokkas
  A frilled lizard (D:1)
  8 kobolds
  3 rats
69 creatures vanquished.

Vanquished Creatures (others)
  4 toadstools (D:4)
4 creatures vanquished.

Grand Total: 73 creatures vanquished

Notes
Turn   | Place    | Note
-------+----------+-------------------------------------------
     0 | D:1      | qw the Tengu Warper began the quest for the Orb.
     0 | D:1      | Reached XP level 1. HP: 12/12 MP: 4/4
     0 | D:1      | 0 ||| qw: Version: 0.1-a-89-g26bdef1
     0 | D:1      | 0 ||| qw: Game counter: 3046
     0 | D:1      | 0 ||| qw: Always use a shield: true
     0 | D:1      | 0 ||| qw: God list: Okawaru
     0 | D:1      | 0 ||| qw: Allow faded altars: false
     0 | D:1      | 0 ||| qw: Do Orc after D:15 true
     0 | D:1      | 0 ||| qw: Do second Lair branch before Depths: true
     0 | D:1      | 0 ||| qw: Lair rune preference: random
     0 | D:1      | 0 ||| qw: Plans: Normal
     0 | D:1      | 0 ||| PLANNING D:1-11
   172 | D:1      | Reached XP level 2. HP: 17/17 MP: 6/6
   177 | D:1      | Reached skill level 3 in Axes
   200 | D:1      | 200 ||| Stepping ~*~*~tactically~*~*~ (hiding).
   532 | D:1      | Reached XP level 3. HP: 19/21 MP: 7/7
  1004 | D:1      | Reached skill level 4 in Axes
  1276 | D:1      | 1276 ||| UPGRADING to +0 plate armour.
  1286 | D:1      | 1286 ||| DROPPING +0 leather armour.
  1287 | D:1      | 1287 ||| DROPPING ring of magical power.
  1288 | D:1      | 1288 ||| READING 4 scrolls labelled LIDEDI UPACEATH.
  1291 | D:1      | 1291 ||| READING 4 scrolls labelled KORORCH EHUORAS.
  1292 | D:1      | 1292 ||| READING scroll labelled KAXUEG ZOODGH.
  1293 | D:1      | 1293 ||| READING scroll labelled FIPPOXZ DUGAOT.
  1294 | D:1      | 1294 ||| DROPPING scroll of blinking.
  1295 | D:1      | 1295 ||| DROPPING 3 scrolls of vulnerability.
  1681 | D:2      | Found a faded altar of an unknown god.
  1890 | D:2      | 1890 ||| Stepping ~*~*~tactically~*~*~ (stealth).
  1913 | D:2      | Reached XP level 4. HP: 14/26 MP: 8/8
  1958 | D:2      | 1958 ||| FLEEEEING.
  1959 | D:2      | 1959 ||| FLEEEEING.
  1963 | D:2      | HP: 6/26 [worm (5)]
  1964 | D:2      | 1964 ||| READING 3 scrolls of teleportation.
  2463 | D:2      | 2463 ||| UPGRADING to +4 ring of protection.
  2464 | D:2      | 2464 ||| READING scroll labelled OKLITH ISUUMPI.
  2465 | D:2      | 2465 ||| READING scroll labelled HUGROH NUCHUCA.
  2466 | D:2      | 2466 ||| READING 2 scrolls labelled TUJE FOPNIOFAZE.
  2467 | D:2      | 2467 ||| DRINKING 2 cyan potions.
  2468 | D:2      | 2468 ||| DRINKING 2 brown potions.
  2468 | D:2      | Gained mutation: You are frail. (-10% HP) [potion of
                  | mutation]
  2468 | D:2      | Gained mutation: You have a pair of small horns on your
                  | head. [potion of mutation]
  2469 | D:2      | 2469 ||| DRINKING potion of mutation.
  2469 | D:2      | Lost mutation: You have a pair of small horns on your head.
                  | [potion of mutation]
  2469 | D:2      | Lost mutation: You are frail. (-10% HP) [potion of
                  | mutation]
  2469 | D:2      | Gained mutation: Your body sometimes deteriorates upon
                  | taking damage. [potion of mutation]
  2469 | D:2      | Gained mutation: You are weak. (Str -2) [potion of
                  | mutation]
  2500 | D:2      | 2500 ||| DROPPING scroll of noise.
  2544 | D:3      | 2544 ||| Stepping ~*~*~tactically~*~*~ (hiding).
  2637 | D:3      | 2637 ||| DROPPING +0 whip.
  2679 | D:3      | Noticed Jessica
  2684 | D:3      | Killed Jessica
  2685 | D:3      | Reached skill level 5 in Axes
  2685 | D:3      | Gained mutation: Your magical nature lets you fly swiftly
                  | and evasively. [Tengu growth]
  2685 | D:3      | Reached XP level 5. HP: 30/30 MP: 9/9
  2900 | D:3      | 2900 ||| Stepping ~*~*~tactically~*~*~ (stealth).
  2929 | D:3      | 2929 ||| Stepping ~*~*~tactically~*~*~ (stealth).
  3284 | D:3      | 3284 ||| UPGRADING to ring of see invisible.
  3285 | D:3      | 3285 ||| READING scroll labelled QENOETHR LIH VAO.
  3418 | D:3      | 3418 ||| READING 2 scrolls of identify.
  3418 | D:3      | 3418 ||| IDENTIFYING smoky sapphire potion
  3419 | D:3      | 3419 ||| DROPPING potion of invisibility.
  3447 | D:4      | 3447 ||| STAIRDANCE
  3483 | D:4      | 3483 ||| STAIRDANCE
  3493 | D:3      | HP: 6/30 [iguana (7)]
  3494 | D:3      | 3494 ||| READING 3 scrolls of teleportation.
  3495 | D:3      | Slain by an iguana

Levels and vault maps discovered:
D:1:      enne_arrival_octagon_isle, layout_basic, minmay_pentomino_t4
D:2:      layout_loops_ring, ebering_ecumenical_altar_rust,
          minmay_fractal_squares_gapless_5
D:3:      layout_rooms, uniq_jessica
D:4:      cheibrodos_fertilizer, layout_basic, xom_confusion_cloud, led_sif_book

Skill      XL: |  1  2  3  4 |
---------------+-------------+-----
Axes           | 3 4 5 |  5.7
Armour         | 2 |  2.3
Fighting       | |  2.0
Throwing       | |  1.0
Dodging        | |  2.1
Spellcasting   | |  2.0
Translocations | |  2.4

Action                   |  1- 3 |  4- 6 || total
-------------------------+-------+-------++-------
Melee: Hand axe          |    94 |    78 ||   172
       Kick              |    21 |    21 ||    42
       Peck              |    15 |     9 ||    24
Throw: Boomerang         |     7 |     1 ||     8
  Use: Scroll            |     4 |     7 ||    11
       Potion            |       |     3 ||     3
Armor: Leather armour    |    12 |       ||    12
       Plate armour      |    42 |    43 ||    85
Dodge: Dodged            |    29 |     8 ||    37

Table legend:
 A = Non-vault XP
 B = Vault XP
 C = Vault XP percentage of total XP
 D = Non-vault monster count
 E = Vault monster count
 F = Vault count percentage of total count
                 A         B        C        D         E       F
            +---------+---------+-------+---------+---------+-------
      Total |     184 |      66 |  26.4 |      59 |      10 |  14.5
            +---------+---------+-------+---------+---------+-------
        D:1 |      43 |       6 |  12.2 |      22 |       4 |  15.4
        D:2 |      19 |      23 |  54.8 |      12 |       5 |  29.4
        D:3 |     122 |      37 |  23.3 |      25 |       1 |   3.8
            +---------+---------+-------+---------+---------+-------
